 Dungeon Crawl Stone Soup version 0.29.1-2-gbd0b4ee654 (webtiles) character file.

Game seed: 5158182805365054875

92 H0rd4k the Charlatan (level 4, -1/30 HPs)
             Began as an Octopode Artificer on Dec 1, 2022.
             Slain by a sky beast (5 damage)
             ... on level 4 of the Dungeon.
             The game lasted 00:02:50 (4445 turns).

H0rd4k the Charlatan (Octopode Artificer)           Turns: 4445, Time: 00:02:50

Health: -1/30      AC:  1    Str: 11    XL:     4   Next: 60%
Magic:  6/6        EV: 13    Int: 15    God:
Gold:   255        SH:  0    Dex: 12    Spells: 6/6 levels left

rFire   . . .      SeeInvis .     - Unarmed
rCold   . . .      Faith    .   (no shield)
rNeg    . . .      Spirit   .   (helmet restricted)
rPois   .          Reflect  .   (no amulet)
rElec   .          Harm     .   (no ring)
rCorr   .          Rampage  .   (no ring)
Will    .....                   (no ring)
Stlth   +++.......              (no ring)
HPRegen 0.10/turn               (no ring)
MPRegen 0.10/turn               (no ring)
                                (no ring)
                                (no ring)

@: no status effects
A: almost no armour, amphibious, 8 rings, camouflage 1, gelatinous body 1,
(nimble swimmer 1), tentacles
a: no special abilities


You were on level 4 of the Dungeon.
You visited 1 branch of the dungeon, and saw 4 of its levels.

You collected 255 gold pieces.

Inventory:

Magical Staves
 v - a staff of death
Jewellery
 k - a +6 ring of dexterity
 q - a +4 ring of protection
 t - an amulet of the acrobat
Wands
 b - a wand of flame (15) (quivered)
 c - a wand of charming (8)
 d - a wand of iceblast (5)
 D - a wand of polymorph (10)
Scrolls
 a - 2 scrolls of teleportation {unknown}
 f - 2 scrolls of vulnerability {unknown}
 i - a scroll of blinking {unknown}
 l - 2 scrolls of identify {unknown}
 n - a scroll of poison {unknown}
 o - a scroll of fear {unknown}
 p - a scroll of fog {unknown}
 s - 2 scrolls of torment {unknown}
 u - a scroll of enchant weapon {unknown}
 x - a scroll of noise {unknown}
 y - a scroll of brand weapon {unknown}
 A - a scroll of amnesia {unknown}
 B - a scroll of immolation {unknown}
 C - a scroll of magic mapping {unknown}
Potions
 e - 2 potions of flight {unknown}
 g - 2 potions of lignification {unknown}
 h - 2 potions of curing {unknown}
 j - a potion of mutation {unknown}
 m - a potion of brilliance {unknown}
 r - a potion of degeneration {unknown}
 w - a potion of might {unknown}
 z - 2 potions of heal wounds {unknown}


   Skills:
 * Level 2.6 Fighting
 - Level 2.3 Dodging
 - Level 1.3 Stealth
 + Level 2.2 Unarmed Combat
 * Level 1.7 Spellcasting
 - Level 3.2 Evocations


You had 6 spell levels left.
You didn't know any spells.
Your spell library contained the following spells:

 Spells                   Type           Power      Damage    Failure   Level
 Magic Dart               Conj           4%         1d3       22%         1
 Call Imp                 Summ           1%         N/A       34%         2
 Mephitic Cloud           Conj/Pois/Air  1%         N/A       56%         3


Dungeon Overview and Level Annotations

Branches:
Dungeon (4/15)
 Temple: D:4-7

Altars:
Fedhas
Vehumet
The Shining One

Shops:
D:2 *   D:3 =


Innate Abilities, Weirdness & Mutations

You cannot wear most types of armour.
You are amphibious.
You can wear up to eight rings at the same time.
Your skin changes colour to match your surroundings (Stealth+).
Your rubbery body absorbs attacks. (AC +1, EV +1)
((You are camouflaged when in or above water. (Stealth+)))
You have tentacles for arms and can constrict up to eight enemies at once.


Message History

You barely miss the adder. Your squeeze misses the adder.
The adder is severely wounded.
You constrict the adder. The adder misses you. The adder barely misses you.
You tentacle-slap the adder.
You kill the adder!
As you open the door, it creaks loudly!
No target in view!
There is an open door here.
Found a stone staircase leading down.
No target in view!
You now have 243 gold pieces (gained 15).
There is a stone staircase leading down here.
You open the door.
There is an open door here.
Found a dagger.
No target in view!
No target in view!
No target in view!
You now have 255 gold pieces (gained 12).
You open the door.
There is an open door here.
A sky beast comes into view.
Found a white potion.
A sky beast is nearby!
A sky beast is nearby!
The sky beast flickers out of sight!
Deactivating autopickup; reactivate with Ctrl-A.
Something hits you. Something shocks you. Something hits you.
Something shocks you.
Aiming: Charm
Press: ? - help, Shift-Dir - straight line Nothing appears to happen.
Something hits you. Something shocks you.
* * * LOW HITPOINT WARNING * * *
Unknown command.
Aiming: Charm
Press: ? - help, Shift-Dir - straight line Nothing appears to happen.
Something hits you.
* * * LOW HITPOINT WARNING * * *
Something shocks you.
You die...

##########
#....!...#
#........+
#........#
#........#
#........#####
######.......#
#.......#
#...@...#
#.......#
#.......#
#.......#
#.......###+
######........
#....#........
#....#........
#....'........


There were no monsters in sight!

Vanquished Creatures
  2 adders
  2 worms (D:2)
  2 dart slugs (D:2)
  7 bats
  6 endoplasms
  A giant cockroach (D:2)
  3 goblins
  7 hobgoblins
  4 jackals
  4 kobolds
  10 ball pythons
  6 frilled lizards
  7 rats
61 creatures vanquished.

Vanquished Creatures (collateral kills)
  A jackal (D:2)
1 creature vanquished.

Vanquished Creatures (others)
  A goblin (D:1)
  A jackal (D:2)
  A kobold (D:2)
3 creatures vanquished.

Grand Total: 65 creatures vanquished

Notes
Turn   | Place    | Note
-------+----------+-------------------------------------------
     0 | D:1      | H0rd4k the Octopode Artificer began the quest for the Orb.
     0 | D:1      | Reached XP level 1. HP: 13/13 MP: 1/1
   117 | D:1      | Reached XP level 2. HP: 6/18 MP: 2/2
   606 | D:1      | Found a faded altar of an unknown god.
  1104 | D:1      | Reached skill level 1 in Spellcasting
  1266 | D:1      | Reached XP level 3. HP: 22/24 MP: 4/4
  1541 | D:2      | HP: 1/24 [jackal (1)]
  1843 | D:2      | Reached skill level 1 in Unarmed Combat
  2181 | D:2      | Found Soumou's Assorted Antiques.
  2686 | D:2      | Reached XP level 4. HP: 9/30 MP: 6/6
  3523 | D:3      | Found Satu's Jewellery Emporium.
  3603 | D:3      | Found a blossoming altar of Fedhas.
  3915 | D:3      | Found a radiant altar of Vehumet.
  4116 | D:3      | Found a glowing golden altar of the Shining One.
  4436 | D:4      | Noticed a sky beast
  4445 | D:4      | Slain by a sky beast

Illustrated notes

Levels and vault maps discovered:
D:1:      minmay_arrival_cross, layout_loops_corners,
          shapermc_ecumenical_altar_gd, minmay_misc_feat_five
D:2:      layout_basic, serial_shops, nicolae_shop_waterfront
D:3:      layout_basic, lemuel_round_altar, mainiacjoe_overflow_alcove_4,
          general_overflow_altar, serial_shops, nicolae_shop_hallway_plus,
          nrook_uturn, nicolae_concentric_dashed_squares_mild
D:4:      layout_gridville, kennysheep_generic_room_12

Skill      XL: |  1  2  3  4 |
---------------+-------------+-----
Fighting       | 2 |  2.6
Spellcasting   | 1 |  1.7
Unarmed Combat | 1 2 |  2.2
Dodging        | |  2.3
Stealth        | |  1.3
Evocations     | |  3.2

Action                   |  1- 3 |  4- 6 || total
-------------------------+-------+-------++-------
Melee: Unarmed           |   134 |    45 ||   179
       Constrict         |    34 |    11 ||    45
       Tentacles         |    25 |     8 ||    33
       Club              |     1 |       ||     1
       Punch             |     1 |       ||     1
Evoke: Wand              |     5 |     2 ||     7
 Stab: Sleeping          |    11 |       ||    11
Armor: Skin              |    13 |     5 ||    18
Dodge: Dodged            |    97 |    34 ||   131
